 Dungeon Crawl Stone Soup version 0.28-a0-1033-g1a2f33fa85 (webtiles) character file.

Game seed: 15870473630411624403

583 siradein the Skirmisher (level 7, -4/117 HPs)
             Began as an Ogre Berserker on Dec 8, 2021.
             Was a Believer of Trog.
             Slain by a goblin (5 damage)
             ... on level 4 of the Dungeon.
             The game lasted 00:09:37 (4875 turns).

siradein the Skirmisher (Ogre Berserker)            Turns: 4875, Time: 00:09:37

Health: -4/117     AC:  3    Str: 22    XL:     7   Next: 37%
Magic:  7/7        EV: 11    Int:  8    God:    Trog [**....]
Gold:   142        SH:  0    Dex: 10    Spells: 6/6 levels left

rFire   . . .      SeeInvis .   a - +0 giant spiked club
rCold   . . .      Faith    .   (shield currently unavailable)
rNeg    . . .      Spirit   .   b - +0 animal skin
rPois   .          Reflect  .   (helmet restricted)
rElec   .          Harm     .   (no cloak)
rCorr   .          Rampage  .   (gloves unavailable)
Will    ++...                   (boots unavailable)
Stlth   ..........              (no amulet)
HPRegen 1.29/turn               (no ring)
MPRegen 0.10/turn               (no ring)

@: berserking, strong-willed, regenerating, very quick
A: large, unfitting armour, tough skin 1
a: Renounce Religion, Berserk, Trog's Hand


You were on level 4 of the Dungeon.
You worshipped Trog.
Trog was pleased with you.
You visited 1 branch of the dungeon, and saw 4 of its levels.

You collected 142 gold pieces.

Inventory:

Hand Weapons
 a - a +0 giant spiked club (weapon)
 j - a +0 flail
Armour
 b - a +0 animal skin (worn)
Scrolls
 h - 2 scrolls of fog
Potions
 c - a potion of magic
 d - a potion of mutation {unknown}
 e - a potion of invisibility
 f - a potion of might
 i - 3 potions of heal wounds


   Skills:
 + Level 7.1 Fighting
 + Level 4.8 Maces & Flails
 + Level 4.8 Dodging


You had 6 spell levels left.
You didn't know any spells.
Your spell library was empty.

Dungeon Overview and Level Annotations

Branches:
Dungeon (4/15)
 Temple: D:4-7

Altars:
Makhleb

Annotations:
D:4 Edmund


Innate Abilities, Weirdness & Mutations

You are too large for most types of armour.
You have tough skin. (AC +1)


Message History

The phantom hits you!
* * * LOW HITPOINT WARNING * * *
Your skin stops crawling.
You feel less strong-willed.
There is a stone staircase leading up, spattered with blood here.
You see here a +0 dagger.
The phantom hits you!
* * * LOW HITPOINT WARNING * * *
The phantom blinks!
You blink.
You stop ascending the stairs.
A hobgoblin comes into view.
You puncture the phantom!
The phantom is heavily damaged.
The phantom hits you.
* * * LOW HITPOINT WARNING * * *
The phantom blinks!
You blink.
The phantom hits you but does no damage.
Found 14 gold pieces.
The phantom hits you!
* * * LOW HITPOINT WARNING * * *
The phantom blinks!
You blink.
The phantom closely misses you.
The hobgoblin hits you but does no damage.
Your skin crawls.
You feel strong-willed. The phantom barely misses you.
A red film seems to cover your vision as you go berserk!
You feel yourself moving faster!
You feel mighty! The phantom hits you.
* * * LOW HITPOINT WARNING * * *
The phantom blinks!
You blink.
You closely miss the phantom.
The phantom is heavily damaged.
The phantom hits you!
* * * LOW HITPOINT WARNING * * *
The phantom blinks!
You blink.
You barely miss the phantom.
The phantom is heavily damaged.
The phantom hits you but does no damage.
The goblin hits you but does no damage. The kobold closely misses you.
The phantom hits you.
* * * LOW HITPOINT WARNING * * *
The phantom blinks!
You blink.
The goblin hits you with a +0 mace.
You die...

..####.....# .##
#.....# ######[....#
###..g...###
..K.####K# #########
.#####...# #.......#
## #...#######K......#
.###.#§.......§§gg...#
.#...<.#######..@W...#
...#[### ####..###
.##††# ##.#
##..######## #.#
##.)........ #$#
............ #.#
.##......... #.#
............ #..
###......... ##.


You could see a phantom, a hobgoblin, a goblin and a kobold.

Vanquished Creatures
  Sigmund (D:4)
  2 ogres (D:4)
  A jelly (D:4)
  A centaur skeleton (D:4)
  Jessica (D:2)
  Robin (D:4)
  4 gnolls (D:3)
  4 adders
  2 dart slugs (D:4)
  A worm (D:1)
  An orc (D:3)
  6 ball pythons
  4 endoplasms
  2 giant cockroaches
  17 goblins
  6 hobgoblins
  12 jackals
  A quokka (D:1)
  7 bats
  A frilled lizard (D:3)
  2 kobolds (D:2)
  2 rats
79 creatures vanquished.

Notes
Turn   | Place    | Note
-------+----------+-------------------------------------------
     0 | D:1      | siradein the Ogre Berserker began the quest for the Orb.
     0 | D:1      | Reached XP level 1. HP: 24/24 MP: 1/1
   250 | D:1      | Reached XP level 2. HP: 32/32 MP: 2/2
   417 | D:1      | Found a faded altar of an unknown god.
   912 | D:1      | Reached XP level 3. HP: 29/40 MP: 3/3
  1313 | D:2      | Noticed Jessica
  1319 | D:2      | Killed Jessica
  1320 | D:2      | Reached XP level 4. HP: 18/49 MP: 4/4
  1553 | D:2      | Reached skill level 5 in Fighting
  1685 | D:2      | Reached ** piety under Trog
  2634 | D:3      | Reached XP level 5. HP: 55/57 MP: 5/5
  2810 | D:3      | Found a burning altar of Makhleb.
  3034 | D:4      | Noticed Sigmund
  3053 | D:4      | Killed Sigmund
  3054 | D:4      | Reached skill level 6 in Fighting
  3054 | D:4      | Reached XP level 6. HP: 6/67 MP: 6/6
  3057 | D:4      | HP: 5/100 [hobgoblin (2)]
  3058 | D:4      | HP: 2/100 [hobgoblin (3)]
  3483 | D:4      | Reached XP level 7. HP: 73/76 MP: 7/7
  3600 | D:4      | Identified the +5 helmet of the Heron {Drain +Blink rElec
                  | rF+ rN+}
  3600 | D:4      | Noticed Robin
  4457 | D:4      | Killed Robin
  4774 | D:4      | Reached skill level 7 in Fighting
  4805 | D:4      | Noticed Edmund
  4864 | D:4      | HP: 2/78 [phantom (9)]
  4873 | D:4      | HP: 1/117 [phantom (7)]
  4875 | D:4      | Slain by a goblin

Illustrated notes

Levels and vault maps discovered:
D:1:      psy_arrival_conway, layout_loops_ring,
          shapermc_ecumenical_altar_ellora, minmay_misc_feat_roman,
          chequers_serial_rivers_micro_a, nicolae_concentric_dashed_squares_wild
D:2:      minmay_door_path, layout_rooms, uniq_jessica
D:3:      layout_rooms, general_overflow_altar, serial_rivers,
          chequers_serial_rivers_micro_a, chequers_serial_rivers_room_a,
          chequers_serial_rivers_small_3, chequers_serial_rivers_micro_c
D:4:      layout_rooms, mainiacjoe_overflow_swirl,
          minmay_temple_entry_antechambers, uniq_sigmund, uniq_robin,
          uniq_edmund

Skill      XL: |  1  2  3  4  5  6  7 |
---------------+----------------------+-----
Maces & Flails | 3 4 |  4.8
Dodging        | 3 4 |  4.8
Fighting       | 5 6 7 |  7.1

Action                   |  1- 3 |  4- 6 |  7- 9 || total
-------------------------+-------+-------+-------++-------
Melee: Mace              |    52 |   103 |       ||   155
       Flail             |       |    37 |     2 ||    39
       Giant spiked club |       |       |    76 ||    76
Invok: Berserk           |     2 |     3 |     1 ||     6
       Trog's Hand       |       |       |     3 ||     3
  Use: Scroll            |       |     6 |       ||     6
       Potion            |       |     1 |       ||     1
 Stab: Sleeping          |     1 |       |       ||     1
Armor: Animal skin       |    26 |    33 |    26 ||    85
Dodge: Dodged            |    44 |    73 |    71 ||   188

Table legend: (Time is in decaauts)
 A = Elapsed time spent in this place.
 B = Non-inter-level travel time spent in this place.
 C = Inter-level travel time spent in this place.
 D = Time resting spent in this place.
 E = Time spent auto-exploring this place.
 F = Levels seen in this place.
 G = Mean time per level.
                   A        B        C        D        E       F      G
               +--------+--------+--------+--------+--------+-----+--------+
         Total |   5037 |   4976 |     61 |   1240 |   2904 |   4 | 1259.2 |
       Dungeon |   5037 |   4976 |     61 |   1240 |   2904 |   4 | 1259.2 |
               +--------+--------+--------+--------+--------+-----+--------+

Top non-repeatable levels by time:
     D:3: 1699 daAuts
     D:1: 1321 daAuts
     D:2: 1276 daAuts
     D:4: 739 daAuts
